 Dungeon Crawl Stone Soup version 0.23.2-40-g277498a001 (webtiles) character file.

Game seed: 10695483937869278396

179 Martska the Ducker (level 5, -1/39 HPs)
             Began as a Merfolk Ice Elementalist on Sept 29, 2019.
             Was an Initiate of Yredelemnul.
             Slain by a centaur zombie (6 damage)
             ... on level 4 of the Dungeon.
             The game lasted 00:15:25 (4639 turns).

Martska the Ducker (Merfolk Ice Elementalist)       Turns: 4639, Time: 00:15:26

Health: -1/39      AC:  2    Str:  8    XL:     5   Next: 59%
Magic:  1/9        EV: 15    Int: 14    God:    Yredelemnul [......]
Gold:   184        SH:  0    Dex: 16    Spells: 8/9 levels left

rFire    . . .     SeeInvis .   f - +0 short sword
rCold    . . .     Gourm    .   (no shield)
rNeg     . . .     Faith    .   a - +0 robe
rPois    .         Spirit   .   (no helmet)
rElec    .         Reflect  .   (no cloak)
rCorr    .         Harm     .   (no gloves)
MR       .....                  (no boots)
Stlth    ++........             (no amulet)
HPRegen  0.13/turn              (no ring)
MPRegen  0.11/turn              (no ring)

@: no status effects
A: change form in water, swift swim, stealthy swim
a: Renounce Religion


You were on level 4 of the Dungeon.
You worshipped Yredelemnul.
Yredelemnul was noncommittal.
You were not hungry.

You visited 1 branch of the dungeon, and saw 4 of its levels.

You collected 184 gold pieces.

Inventory:

Hand Weapons
 f - a +0 short sword (weapon)
Missiles
 b - 4 tomahawks (quivered)
Armour
 a - a +0 robe (worn)
 p - a +0 chain mail of cold resistance
Magical Staves
 h - an uncursed staff of death {unknown}
Scrolls
 e - 2 scrolls of fog {unknown}
 g - a scroll of amnesia {unknown}
 i - 2 scrolls of remove curse {unknown}
 j - a scroll of teleportation {unknown}
 k - 2 scrolls of identify {unknown}
Potions
 d - a potion of magic {unknown}
 l - a potion of berserk rage {unknown}
 m - a potion of agility {unknown}
 n - a potion of ambrosia {unknown}
 o - 2 potions of flight {unknown}
Comestibles
 c - 2 rations


   Skills:
 * Level 2.7 Fighting
 * Level 4.6 Dodging
 + Level 3.1 Stealth
 + Level 2.6 Spellcasting
   Level 0.7 Conjurations
 + Level 3.9 Ice Magic


You had 8 spell levels left.
You knew the following spells:

 Your Spells              Type           Power        Failure   Level  Hunger
a - Freeze                Ice            ##..         4%          1    #......

Your spell library contained the following spells:

 Spells                   Type           Power        Failure   Level  Hunger
 Throw Frost              Conj/Ice       #.....       13%         2    ###....
 Ozocubu's Armour         Chrm/Ice       #.......     30%         3    ###....
 Throw Icicle             Conj/Ice       #.......     65%         4    #####..
 Summon Ice Beast         Ice/Summ       #.......     69%         4    #####..


Dungeon Overview and Level Annotations

Branches:
Dungeon (4/15)
 Temple: D:4-7

Altars:
Trog
Yredelemnul


Message History

The centaur zombie completely resists.
You freeze the centaur zombie but do no damage.
The centaur zombie completely misses you.
The centaur zombie hits you!
* * * LOW HITPOINT WARNING * * *
Unknown command.
The centaur zombie completely misses you.
The centaur zombie hits you.
* * * LOW HITPOINT WARNING * * *
Casting: Freeze (safe; 4% risk of failure)
Confirm with . or Enter, or press ? or * to list all spells.
Aiming: Freeze (safe; 4% risk of failure)
Press: ? - help, Shift-Dir - straight line, f/p - centaur zombie
Aim: a centaur zombie (lightly damaged)
The centaur zombie completely resists.
You freeze the centaur zombie but do no damage.
The centaur zombie barely misses you. The centaur zombie hits you.
You die...
Your body rises from the dead as a mindless zombie.

##### ####### ...(# #.....#
....# ###### #.#'''# ....#
#<...# #.#...#
....#######.#############.#≈.≈#
..........................#≈§≈#
....#######....############≈.≈#
....##########.############≈.≈#
...........[....@.........#≈.≈#
##############...Z........#≈.§#
####.##########.####
#.'.≈≈≈≈≈≈##.##≈≈
#.'.........#.§..
#.'.≈≈≈§≈≈##.##≈≈
############.#### #§.≈# #§§≈#


You could see a centaur zombie.

Vanquished Creatures
  3 worker ants (D:4)
  5 adders
  2 oozes (D:3)
  2 leopard geckos (D:1)
  5 orcs (D:3)
  3 giant cockroaches
  5 goblins
  4 hobgoblins
  5 jackals
  3 kobolds (D:1)
  A quokka (D:2)
  6 bats
  4 frilled lizards
  3 rats
51 creatures vanquished.

Vanquished Creatures (others)
  A quokka (D:4)
1 creature vanquished.

Grand Total: 52 creatures vanquished

Notes
Turn   | Place    | Note
-------+----------+-------------------------------------------
     0 | D:1      | Martska the Merfolk Ice Elementalist began the quest for
                  | the Orb.
     0 | D:1      | Reached XP level 1. HP: 13/13 MP: 3/3
   439 | D:1      | Reached XP level 2. HP: 20/20 MP: 0/5
   494 | D:1      | Reached skill level 3 in Dodging
  1402 | D:1      | Reached skill level 1 in Fighting
  1834 | D:2      | Reached XP level 3. HP: 26/26 MP: 2/6
  2269 | D:2      | Found a bloodstained altar of Trog.
  2435 | D:2      | Found a basalt altar of Yredelemnul.
  2445 | D:2      | Became a worshipper of Yredelemnul the Dark
  2964 | D:3      | Reached skill level 4 in Dodging
  2964 | D:3      | Reached XP level 4. HP: 26/33 MP: 2/7
  3768 | D:4      | Reached XP level 5. HP: 19/39 MP: 0/8
  4639 | D:4      | Slain by a centaur zombie

Skill      XL: |  1  2  3  4 |
---------------+-------------+-----
Dodging        | 3 4 |  4.6
Fighting       | 1 2 |  2.7
Stealth        | 3 |  3.1
Spellcasting   | |  2.6
Conjurations   | |  0.7
Ice Magic      | |  3.9

Action                   |  1- 3 |  4- 6 || total
-------------------------+-------+-------++-------
Melee: Unarmed           |     2 |       ||     2
       Short sword       |    43 |    10 ||    53
 Cast: Freeze            |    56 |    45 ||   101
 Stab: Sleeping          |     1 |     1 ||     2
  Eat: Chunk             |     4 |       ||     4
       Ration            |     1 |     2 ||     3
Armor: Robe              |    13 |     4 ||    17
Dodge: Dodged            |    76 |    41 ||   117
